 Dungeon Crawl Stone Soup version 0.31-a0-851-g7ff8af7976 (webtiles) character file.

Game seed: 14882738416406959490

454 Kurtz the Chopper (level 6, -2/47 HPs)
             Began as a Mummy Delver on Oct 6, 2023.
             Slain by an adder (4 damage)
             ... on level 6 of the Dungeon.
             The game lasted 00:03:18 (3136 turns).

Kurtz the Chopper (Mummy Delver)                    Turns: 3136, Time: 00:03:18

Health: -2/47      AC:  1    Str: 15    XL:     6   Next: 76%
Magic:  6/6        EV:  7    Int:  9    God:
Gold:   185        SH:  0    Dex: 16    Spells: 5/5 levels left

rFire   x . .        a - +0 hand axe
rCold   + . .        (no shield)
rNeg    + + +        o - +0 chain mail
rPois   ∞            i - +0 helmet
rElec   .            (no cloak)
rCorr   .            (no gloves)
SInv    .            (no boots)
Will    .....        (no amulet) Stlth
                     q - ring of flight
HPRegen 0.27/turn    (no ring)
MPRegen 0.10/turn

%: faith
@: corroded, flying
A: cold resistance 1, negative energy resistance 3, torment resistance 2, heat
vulnerability 1, in touch with death 1, no potions, faith
a: no special abilities


You were on level 6 of the Dungeon.
You visited 1 branch of the dungeon, and saw 6 of its levels.

You collected 185 gold pieces.

Inventory:

Hand Weapons
 a - a +0 hand axe (weapon)
Missiles
 j - 12 poisoned darts
 l - 5 javelins
Armour
 b - a +0 leather armour
 i - a +0 helmet (worn)
 m - a +0 ring mail
 o - a +0 chain mail (worn)
Jewellery
 q - a ring of flight (left hand)
Wands
 f - a wand of digging (3)
 n - a wand of light (11)
Scrolls
 c - a scroll of fog
 d - a scroll of revelation
 e - a scroll of fear
 g - 4 scrolls of teleportation {unknown}
 h - 6 scrolls of identify {unknown}
 k - 2 scrolls of vulnerability {unknown}
 p - a scroll of silence {unknown}


   Skills:
 - Level 3.0 Fighting
 * Level 6.1 Axes
 - Level 1.5 Dodging
 - Level 4.1 Stealth


You had 5 spell levels left.
You didn't know any spells.
Your spell library contained the following spells:

 Spells                   Type           Power      Damage    Failure   Level
 Slow                     Hex            0%         N/A       100%        1
 Sting                    Tmut/Pois      0%         1d3       100%        1
 Ensorcelled Hibernation  Hex/Ice        0%         N/A       100%        2
 Jinxbite                 Hex            0%         N/A       100%        2
 Poisonous Vapours        Pois/Air       0%         N/A       100%        2
 Confusing Touch          Hex            0%         N/A       100%        3
 Sigil of Binding         Hex            0%         N/A       100%        3
 Vampiric Draining        Necr           0%         2d6       100%        3
 Anguish                  Hex/Necr       0%         N/A       100%        4
 Olgreb's Toxic Radiance  Pois           0%         N/A       100%        4


Dungeon Overview and Level Annotations

Branches:
Dungeon (6/15)
 Temple: D:4-7

Altars:
Hepliaklqana
Makhleb
Nemelex Xobeh
Yredelemnul

Annotations:
D:2 1 runed translucent door, Crazy Yiuf
D:5 exclusion: jelly


Innate Abilities, Weirdness & Mutations

You are immune to poison.
Your flesh is cold resistant. (rC+)
You are immune to negative energy. (rN+++)
You are immune to unholy pain and torment.
You are vulnerable to heat. (rF-)
You are in touch with the powers of death.
You do not drink.
You have a special connection with the divine. (Faith)


Message History

The jelly closely misses you.
You are too injured to fight recklessly!
You hit the jelly.
You kill the jelly!
The hound stops to sniff the ground.
You are too injured to fight recklessly!
You miss the adder. The adder bites you.
* * * LOW HITPOINT WARNING * * *
The adder barely misses you.
You are too injured to fight recklessly!
You hit the adder but do no damage. The adder bites you.
* * * LOW HITPOINT WARNING * * *
You are too injured to fight recklessly!
You hit the adder but do no damage. The adder closely misses you.
You are too injured to fight recklessly!
You are too injured to fight recklessly!
You barely miss the adder. The adder bites you.
* * * LOW HITPOINT WARNING * * *
You are too injured to fight recklessly!
You hit the adder.
The adder is moderately wounded.
The adder bites you.
* * * LOW HITPOINT WARNING * * *
The adder barely misses you.
You are too injured to fight recklessly!
You hit the adder but do no damage.
The adder is moderately wounded.
The adder closely misses you.
You are too injured to fight recklessly!
You hit the adder but do no damage.
The adder is moderately wounded.
The adder bites you.
* * * LOW HITPOINT WARNING * * *
You are too injured to fight recklessly!
You hit the adder but do no damage.
The adder is moderately wounded.
The adder bites you.
* * * LOW HITPOINT WARNING * * *
The adder bites you.
You die...

###
#@#
#S#
#h#
..#
###


You could see a hound and an adder.

Vanquished Creatures
  Sigmund (D:2)
  An ice beast (D:3)
  A jelly (D:6)
  Jessica (D:2)
  Terence (D:2)
  5 adders
  A shadow imp (D:5)
  3 worms
  4 dart slugs
  4 bats
  6 endoplasms
  2 giant cockroaches
  6 goblins
  5 hobgoblins
  6 jackals
  2 kobolds (D:3)
  3 quokkas
  6 ball pythons
  2 frilled lizards (D:1)
  3 rats
63 creatures vanquished.

Notes
Turn   | Place    | Note
-------+----------+-------------------------------------------
     0 | D:5      | Kurtz the Mummy Delver began the quest for the Orb.
     0 | D:5      | Reached XP level 1. HP: 18/18 MP: 1/1
    41 | D:5      | Reached skill level 2 in Axes
    85 | D:5      | Noticed a jelly
   108 | D:5      | Reached XP level 2. HP: 24/24 MP: 2/2
   157 | D:5      | Found a basalt altar of Yredelemnul.
   157 | D:5      | Found a hazy altar of Hepliaklqana.
   401 | D:4      | You fall into a shaft and drop 1 floor!
   556 | D:3      | Reached XP level 3. HP: 23/29 MP: 3/3
   635 | D:2      | Noticed Jessica
   643 | D:2      | Killed Jessica
   644 | D:2      | Reached skill level 3 in Axes
   769 | D:1      | Reached XP level 4. HP: 24/35 MP: 4/4
  1468 | D:2      | Found a sparkling altar of Nemelex Xobeh.
  1474 | D:2      | Noticed Sigmund
  1496 | D:3      | Found a burning altar of Makhleb.
  1501 | D:3      | Reached skill level 4 in Axes
  1743 | D:3      | Noticed an ice beast
  1762 | D:3      | Killed an ice beast
  1763 | D:3      | Reached XP level 5. HP: 9/41 MP: 5/5
  1950 | D:3      | Reached skill level 5 in Axes
  2432 | D:2      | Noticed Terence
  2443 | D:2      | Killed Terence
  2737 | D:2      | Killed Sigmund
  2738 | D:2      | Reached skill level 6 in Axes
  2738 | D:2      | Reached XP level 6. HP: 21/47 MP: 6/6
  2959 | D:2      | Found a runed translucent door.
  2960 | D:2      | Noticed Crazy Yiuf
  3136 | D:6      | HP: 2/47 [adder (3)]
  3136 | D:6      | Slain by an adder

Illustrated notes

Levels and vault maps discovered:
D:1:      doesnt_arrival_eight_statues, layout_basic, minmay_misc_feat_room,
          minmay_misc_feat_secret_circle, fountainhead
D:2:      layout_loops_cross, basic_altar, chequers_big_river, uniq_sigmund,
          uniq_terence, uniq_jessica, uniq_crazy_yiuf_cottage
D:3:      layout_rooms, bloody_makhleb, small_statue_intersection,
          feat_on_display
D:4:      layout_loops_cross, kennysheep_crisscross
D:5:      wander_river, layout_basic, gammafunk_temple_overflow_pools,
          temple_fountains, minivault_14
D:6:      layout_basic, mainiacjoe_overflow_alcove_4, gup_ossuary_entry_pyramid

Skill      XL: |  1  2  3  4  5 |
---------------+----------------+-----
Axes           | 2 3 4 6 |  6.1
Fighting       | |  3.0
Dodging        | |  1.5
Stealth        | |  4.1

Action                     |  1- 3 |  4- 6 || total
---------------------------+-------+-------++-------
  Melee: Hand axe          |    75 |   210 ||   285
         Punch             |     1 |     3 ||     4
   Stab: Sleeping          |     4 |     5 ||     9
 Armour: Leather armour    |    57 |    13 ||    70
         Ring mail         |       |    67 ||    67
         Chain mail        |       |    75 ||    75
  Dodge: Dodged            |    55 |   110 ||   165

Table legend: (Time is in decaauts)
 A = Elapsed time spent in this place.
 B = Non-inter-level travel time spent in this place.
 C = Inter-level travel time spent in this place.
 D = Time resting spent in this place.
 E = Time spent auto-exploring this place.
 F = Levels seen in this place.
 G = Mean time per level.
                   A        B        C        D        E       F      G
               +--------+--------+--------+--------+--------+-----+--------+
         Total |   3184 |   2923 |    261 |    503 |   1689 |   6 |  530.7 |
       Dungeon |   3184 |   2923 |    261 |    503 |   1689 |   6 |  530.7 |
               +--------+--------+--------+--------+--------+-----+--------+

Top non-repeatable levels by time:
     D:2: 1126 daAuts
     D:3: 810 daAuts
     D:1: 624 daAuts
     D:5: 360 daAuts
     D:4: 247 daAuts
     D:6: 14 daAuts
